[Event "GambitGuide"]
[Site "Internet Chess Club"]
[Date "2014.10.31"]
[Round "1"]
[White "JSBach"]
[Black "StaggerLee"]
[Result "1-0"]
[ICCResult "Black checkmated"]
[WhiteElo "1790"]
[BlackElo "1596"]
[Opening "Vienna: `Frankenstein-Dracula' variation"]
[ECO "C27"]
[NIC "VG.02"]
[Time "17:53:29"]
[TimeControl "120+12"]

1. e4 e5 2. Nc3 Nf6 3. Bc4 Nxe4 4. Qh5 Nd6 5. Bb3 Nc6 6. Nb5 g6 7. Qf3 f5 8.
Qd5 Qe7 9. Nxc7+ Kd8 10. Nxa8 b6 11. d3 Bb7 12. Nxb6 axb6 13. Qf3 Kc7 14. c3
Nd4 15. Qg3 f4 16. Qg4 N4f5 17. Nf3 Bh6 18. O-O Bc8 19. Re1 Bg7 20. Bxf4 h5
21. Qxg6 Qf6 22. Qxf6 Bxf6 23. Nxe5 Nh4 24. Nf7 Rd8 25. Bxd6+ Kc6 26. Nxd8+
Kxd6 27. Nf7+ Kc7 28. Bd5 Nf5 29. f3 Bh4 30. Re5 Nd6 31. Rxh5 Be7 32. Re1
Bf8 33. Nxd6 Bxd6 34. g4 Ba6 35. Bc4 b5 36. Bxb5 Bb7 37. Rh7 Bxf3 38. Rxd7+
Kb6 39. Rxd6+ Kxb5 40. Re5+ Ka4 41. Rd4# {Black checkmated} 1-0

[Event "GambitGuide"]
[Site "Internet Chess Club"]
[Date "2014.10.31"]
[Round "1"]
[White "JSBach"]
[Black "dutchking"]
[Result "1-0"]
[ICCResult "Black resigns"]
[WhiteElo "1790"]
[BlackElo "1370"]
[Opening "Vienna: `Frankenstein-Dracula' variation"]
[ECO "C27"]
[NIC "VG.02"]
[Time "17:52:18"]
[TimeControl "120+12"]

1. e4 e5 2. Nc3 Nf6 3. Bc4 Nxe4 4. Qh5 Nd6 5. Bb3 Nc6 6. Nb5 g6 7. Qf3 f5 8.
Qd5 Qe7 9. Nxc7+ Kd8 10. Nxa8 b6 11. d3 Bb7 12. Nxb6 axb6 13. Qf3 Nd4 14.
Qg3 f4 15. Qg4 N6f5 16. Ne2 Nxe2 17. Kxe2 Nd4+ 18. Ke1 Qf6 19. Ba4 Bc6 20.
Bb3 h5 21. Qh3 g5 22. f3 e4 23. dxe4 Nxb3 24. axb3 Bb4+ 25. Kf1 Bb5+ 26. c4
Qd6 27. Bxf4 gxf4 28. Qh4+ Kc7 29. cxb5 Qd3+ 30. Kf2 Bc5+ 31. Ke1 Qe3+ 32.
Kf1 Qd3+ 33. Ke1 Qe3+ 34. Kf1 Qd3+ 35. Ke1 Qe3+ 36. Kf1 Qd3+ 37. Ke1 Bb4+
38. Kf2 Bd2 39. Ra7+ Kb8 40. Ra8+ Kxa8 41. Ra1+ Kb8 42. g3 Qe3+ 43. Kg2 fxg3
44. Qxg3+ Qf4 45. Ra4 Qxg3+ 46. hxg3 Kb7 47. Rd4 Be3 48. Rd3 Bc5 49. Rxd7+
Kc8 50. Ra7 h4 51. Ra8+ Kb7 52. Rxh8 hxg3 53. Rh7+ {Black resigns} 1-0

[Event "GambitGuide"]
[Site "Internet Chess Club"]
[Date "2014.10.31"]
[Round "1"]
[White "JSBach"]
[Black "CairnTerrier"]
[Result "1-0"]
[ICCResult "Black resigns"]
[WhiteElo "1790"]
[BlackElo "1232"]
[Opening "Vienna: `Frankenstein-Dracula' variation"]
[ECO "C27"]
[NIC "VG.02"]
[Time "17:57:18"]
[TimeControl "120+12"]

1. e4 e5 2. Nc3 Nf6 3. Bc4 Nxe4 4. Qh5 Nd6 5. Bb3 Nc6 6. Nb5 g6 7. Qf3 f5 8.
Qd5 Qe7 9. Nxc7+ Kd8 10. Nxa8 b6 11. d3 Nd4 12. f4 exf4+ 13. Kd1 Bg7 14.
Bxf4 Nf7 15. Qxf7 Qxf7 16. Bxf7 {Black resigns} 1-0

[Event "GambitGuide"]
[Site "Internet Chess Club"]
[Date "2014.10.31"]
[Round "1"]
[White "JSBach"]
[Black "fearlessone"]
[Result "1-0"]
[ICCResult "Black resigns"]
[WhiteElo "1790"]
[BlackElo "1812"]
[Opening "Vienna: `Frankenstein-Dracula' variation"]
[ECO "C27"]
[NIC "VG.02"]
[Time "17:52:20"]
[TimeControl "120+12"]

1. e4 e5 2. Nc3 Nf6 3. Bc4 Nxe4 4. Qh5 Nd6 5. Bb3 Nc6 6. Nb5 g6 7. Qf3 f5 8.
Qd5 Qe7 9. Nxc7+ Kd8 10. Nxa8 b6 11. d3 Bb7 12. Nxb6 axb6 13. Qf3 Bg7 14.
Be3 e4 15. dxe4 Ne5 16. Bxb6+ Ke8 17. Qf4 Bxe4 18. Kf1 g5 19. Qg3 h5 20. Bc5
h4 21. Bxd6 Qxd6 22. Qxg5 Bf6 23. Qf4 h3 24. Nxh3 Rxh3 25. gxh3 Bxh1 26. Re1
Bd5 27. Qxf5 Bxb3 28. cxb3 Kf7 29. Qh7+ Ke8 30. f4 Qa6+ 31. Re2 Qd3 32. Qxd3
{Black resigns}
1-0

[Event "GambitGuide"]
[Site "Internet Chess Club"]
[Date "2014.10.31"]
[Round "1"]
[White "JSBach"]
[Black "Smashandgrab"]
[Result "0-1"]
[ICCResult "White checkmated"]
[WhiteElo "1790"]
[BlackElo "1457"]
[Opening "Vienna: `Frankenstein-Dracula' variation"]
[ECO "C27"]
[NIC "VG.02"]
[Time "17:53:32"]
[TimeControl "120+12"]

1. e4 e5 2. Nc3 Nf6 3. Bc4 Nxe4 4. Qh5 Nd6 5. Bb3 Nc6 6. Nb5 g6 7. Qf3 f5 8.
Qd5 Qe7 9. Nxc7+ Kd8 10. Nxa8 b6 11. d3 Bg7 12. h4 Bb7 13. Bg5 Bf6 14. Nxb6
axb6 15. Nf3 Nd4 16. Nxd4 Bxd5 17. Nxf5 Nxf5 18. Bxf6 Qxf6 19. Bxd5 Nxh4 20.
Rd1 Nf5 21. Rh3 h5 22. Rf3 Re8 23. c3 b5 24. c4 bxc4 25. dxc4 Kc7 26. b4 Qa6
27. c5 Nd4 28. Rfd3 Qb5 29. a3 Nc2+ 30. Kd2 Nd4 31. Ke3 Nf5+ 32. Kd2 Rf8 33.
Rf3 Qb8 34. g3 g5 35. Rh1 g4 36. Rd3 Nd4 37. Ke3 Rf5 38. Be4 Qf8 39. Bxf5
Qxf5 40. Rh2 Qf3+ 41. Kd2 Qe2+ 42. Kc3 Qc2# {White checkmated} 0-1

[Event "GambitGuide"]
[Site "Internet Chess Club"]
[Date "2014.10.31"]
[Round "1"]
[White "JSBach"]
[Black "catman"]
[Result "0-1"]
[ICCResult "White checkmated"]
[WhiteElo "1790"]
[BlackElo "1488"]
[Opening "Vienna: `Frankenstein-Dracula' variation"]
[ECO "C27"]
[NIC "VG.02"]
[Time "17:55:55"]
[TimeControl "120+12"]

1. e4 e5 2. Nc3 Nf6 3. Bc4 Nxe4 4. Qh5 Nd6 5. Bb3 Nc6 6. Nb5 g6 7. Qf3 f5 8.
Qd5 Qe7 9. Nxc7+ Kd8 10. Nxa8 b6 11. d3 Bb7 12. Nxb6 axb6 13. Qf3 Nd4 14.
Qg3 f4 15. Qg4 Qf6 16. Ba4 b5 17. Bb3 h5 18. Qh3 g5 19. Bd2 g4 20. Ba5+ Ke7
21. c3 gxh3 22. Nxh3 Nxb3 23. axb3 Bxg2 24. O-O-O Bxh3 25. d4 e4 26. d5 Bg2
27. Rhg1 f3 28. Bb6 Bh6+ 29. Kc2 Qf5 30. Bd4 e3+ 31. Rd3 exf2 32. Bxf2 Nc4
33. bxc4 bxc4 34. Re1+ Kf7 35. Rd1 cxd3+ 36. Kb1 d2+ 37. Ka2 Ra8+ 38. Kb3
Rb8+ 39. Ka3 Qc2 40. Bb6 Rxb6 41. Rg1 Qb3# {White checkmated} 0-1

[Event "GambitGuide"]
[Site "Internet Chess Club"]
[Date "2014.10.31"]
[Round "1"]
[White "JSBach"]
[Black "dutchking"]
[Result "1-0"]
[ICCResult "Black resigns"]
[WhiteElo "1790"]
[BlackElo "1370"]
[Opening "Vienna: `Frankenstein-Dracula' variation"]
[ECO "C27"]
[NIC "VG.02"]
[Time "17:57:24"]
[TimeControl "120+12"]

1. e4 e5 2. Nc3 Nf6 3. Bc4 Nxe4 4. Qh5 Nd6 5. Bb3 Nc6 6. Nb5 g6 7. Qf3 f5 8.
Qd5 Qe7 9. Nxc7+ Kd8 10. Nxa8 b6 11. d3 Bb7 12. Nxb6 axb6 13. Qf3 e4 14. Qe3
h5 15. Qxb6+ Kc8 16. Ne2 exd3 17. cxd3 Bg7 18. Be3 f4 19. Nxf4 Bxb2 20. Nd5
Qd8 21. Rb1 Ba3 22. O-O h4 23. Rfe1 h3 24. Qxd8+ Nxd8 25. Ne7+ Kb8 26. Nxg6
hxg2 27. Nxh8 {Black resigns} 1-0

[Event "GambitGuide"]
[Site "Internet Chess Club"]
[Date "2014.10.31"]
[Round "1"]
[White "JSBach"]
[Black "CairnTerrier"]
[Result "1-0"]
[ICCResult "Black checkmated"]
[WhiteElo "1790"]
[BlackElo "1232"]
[Opening "Vienna: `Frankenstein-Dracula' variation"]
[ECO "C27"]
[NIC "VG.02"]
[Time "17:58:11"]
[TimeControl "120+12"]

1. e4 e5 2. Nc3 Nf6 3. Bc4 Nxe4 4. Qh5 Nd6 5. Bb3 Nc6 6. Nb5 g6 7. Qf3 f5 8.
Qd5 Qe7 9. Nxc7+ Kd8 10. Nxa8 b6 11. d3 Nd4 12. h4 Bg7 13. Bg5 Bf6 14. c3
Bb7 15. cxd4 Bxd5 16. Bxf6 Qxf6 17. Bxd5 exd4 18. Ne2 g5 19. hxg5 Qxg5 20.
Rc1 f4 21. Nc7 Rf8 22. Rxh7 Qg6 23. Rh3 Qg4 24. Nxd4 Nf5 25. Nxf5 Rxf5 26.
Rh8+ Ke7 27. Re8+ Kd6 28. Bf3 Qg5 29. d4 Qh4 30. Rc2 Qh1+ 31. Kd2 Qf1 32.
Re2 a5 33. Ne8# {Black checkmated} 1-0

[Event "GambitGuide"]
[Site "Internet Chess Club"]
[Date "2014.10.31"]
[Round "1"]
[White "JSBach"]
[Black "Dagnabit"]
[Result "1/2-1/2"]
[ICCResult "Game drawn by repetition"]
[WhiteElo "1790"]
[BlackElo "1333"]
[Opening "Vienna: `Frankenstein-Dracula' variation"]
[ECO "C27"]
[NIC "VG.02"]
[Time "17:52:32"]
[TimeControl "120+12"]

1. e4 e5 2. Nc3 Nf6 3. Bc4 Nxe4 4. Qh5 Nd6 5. Bb3 Nc6 6. Nb5 g6 7. Qf3 f5 8.
Qd5 Qe7 9. Nxc7+ Kd8 10. Nxa8 b6 11. d3 Bg7 12. Ba4 Bb7 13. Nxb6 axb6 14.
Qb3 e4 15. Be3 exd3 16. Qxb6+ Ke8 17. O-O-O dxc2 18. Rxd6 Qxd6 19. Bxc2 Qb4
20. Kb1 Qxb6 21. Bxb6 Nd4 22. f3 Ke7 23. a4 d6 24. b4 Rc8 25. Bxd4 Bxd4 26.
Ne2 Bg7 27. a5 Ba6 28. Re1 Kd7 29. Ba4+ Kc7 30. Rc1+ Kb8 31. Rxc8+ Kxc8 32.
b5 Bb7 33. a6 Ba8 34. b6 Kb8 35. Bd7 Be5 36. f4 Bf6 37. g3 Bd8 38. b7 Bxb7
39. axb7 Kxb7 40. Be6 g5 41. Nd4 gxf4 42. gxf4 Bf6 43. Bd5+ Kc7 44. Nxf5 Kd7
45. h4 Bh8 46. Bg8 Kc6 47. h5 Kc5 48. h6 d5 49. Bxh7 d4 50. Kc2 Kd5 51. Kd3
Ke6 52. Nxd4+ Kf6 53. Be4 Kf7 54. f5 Kf6 55. Bd5 Ke5 56. Kc4 Kf6 57. Kc5 Kg5
58. h7 Kf6 59. Kb6 Kg7 60. Bg8 Kf6 61. Bd5 Kg7 62. Bg8 Kf6 63. Be6 Kg7 64.
Bg8 {Game drawn by repetition} 1/2-1/2

[Event "GambitGuide"]
[Site "Internet Chess Club"]
[Date "2014.10.31"]
[Round "1"]
[White "JSBach"]
[Black "dutchking"]
[Result "1-0"]
[ICCResult "Black resigns"]
[WhiteElo "1790"]
[BlackElo "1370"]
[Opening "Vienna: `Frankenstein-Dracula' variation"]
[ECO "C27"]
[NIC "VG.02"]
[Time "17:58:58"]
[TimeControl "120+12"]

1. e4 e5 2. Nc3 Nf6 3. Bc4 Nxe4 4. Qh5 Nd6 5. Bb3 Nc6 6. Nb5 g6 7. Qf3 f5 8.
Qd5 Qe7 9. Nxc7+ Kd8 10. Nxa8 b6 11. d3 Bb7 12. Nxb6 axb6 13. Qf3 e4 14.
dxe4 fxe4 15. Qe3 h5 16. Qxb6+ Kc8 17. c4 Bg7 18. c5 Nf5 19. Bf4 Qd8 20.
Qxd8+ Kxd8 21. O-O-O Re8 22. Bf7 Re7 23. Bxg6 e3 24. Bxf5 {Black resigns}
1-0

[Event "GambitGuide"]
[Site "Internet Chess Club"]
[Date "2014.10.31"]
[Round "1"]
[White "JSBach"]
[Black "CairnTerrier"]
[Result "1-0"]
[ICCResult "Black resigns"]
[WhiteElo "1790"]
[BlackElo "1232"]
[Opening "Vienna: `Frankenstein-Dracula' variation"]
[ECO "C27"]
[NIC "VG.02"]
[Time "17:59:55"]
[TimeControl "120+12"]

1. e4 e5 2. Nc3 Nf6 3. Bc4 Nxe4 4. Qh5 Nd6 5. Bb3 Nc6 6. Nb5 g6 7. Qf3 f5 8.
Qd5 Qe7 9. Nxc7+ Kd8 10. Nxa8 b6 11. d3 Nd4 12. h4 Bg7 13. Bg5 Bf6 14. Bxf6
Qxf6 15. O-O-O Bb7 16. Nxb6 Bxd5 17. Nxd5 Qg7 18. Re1 g5 19. g3 g4 20. Bc4
a5 21. Ba6 N6b5 22. f4 e4 23. dxe4 fxe4 24. Bxb5 Nxb5 25. Rxe4 Kc8 26. Ne2
Kb8 27. Re7 Qg6 28. h5 Qd6 29. Rd1 Qc5 30. Rxd7 Rc8 31. Rd2 Qc4 32. Nb6 Qc5
33. Nxc8 Qxc8 34. Rd8 Nd6 35. R2xd6 {Black resigns} 1-0

[Event "GambitGuide"]
[Site "Internet Chess Club"]
[Date "2014.10.31"]
[Round "1"]
[White "JSBach"]
[Black "nsideurheadbro"]
[Result "1/2-1/2"]
[ICCResult "Game drawn because neither player has mating material"]
[WhiteElo "1790"]
[BlackElo "1184"]
[Opening "Vienna: `Frankenstein-Dracula' variation"]
[ECO "C27"]
[NIC "VG.02"]
[Time "17:56:11"]
[TimeControl "120+12"]

1. e4 e5 2. Nc3 Nf6 3. Bc4 Nxe4 4. Qh5 Nd6 5. Bb3 Nc6 6. Nb5 g6 7. Qf3 f5 8.
Qd5 Qe7 9. Nxc7+ Kd8 10. Nxa8 b6 11. d3 Bb7 12. Nxb6 axb6 13. Qf3 Nd4 14.
Qh3 f4 15. Ba4 Bd5 16. Bd2 g5 17. c3 N4f5 18. c4 Bb7 19. Bc3 Bg7 20. Nf3 h5
21. Bb4 g4 22. Bxd6 Qxd6 23. c5 Qxd3 24. Bc2 gxh3 25. Bxd3 e4 26. c6 Bxc6
27. Bc2 Bxb2 28. Rb1 Bc3+ 29. Nd2 e3 30. fxe3 fxe3 31. Bxf5 hxg2 32. Rg1
exd2+ 33. Ke2 Re8+ 34. Kd3 Ba5 35. Bg6 Re5 36. h4 b5 37. Bf7 Rf5 38. Bg6 Rf4
39. Bxh5 Rxh4 40. Bg6 Ke7 41. Kc2 Kf6 42. Bd3 Ke5 43. Bxb5 Be4+ 44. Bd3 d5
45. Bxe4 dxe4 46. Rb5+ Kf4 47. Rxg2 Kf3 48. Rg1 e3 49. Rxa5 Rd4 50. Ra3 Kf2
51. Rxe3 Kxe3 52. Kd1 Kd3 53. Rg3+ Kc4 54. a4 Kb4 55. Rg2 Kxa4 56. Rxd2
Rxd2+ 57. Kxd2 {Game drawn because neither player has mating material}
1/2-1/2

[Event "GambitGuide"]
[Site "Internet Chess Club"]
[Date "2014.10.31"]
[Round "1"]
[White "JSBach"]
[Black "catman"]
[Result "0-1"]
[ICCResult "White checkmated"]
[WhiteElo "1790"]
[BlackElo "1488"]
[Opening "Vienna: `Frankenstein-Dracula' variation"]
[ECO "C27"]
[NIC "VG.02"]
[Time "18:00:05"]
[TimeControl "120+12"]

1. e4 e5 2. Nc3 Nf6 3. Bc4 Nxe4 4. Qh5 Nd6 5. Bb3 Nc6 6. Nb5 g6 7. Qf3 f5 8.
Qd5 Qe7 9. Nxc7+ Kd8 10. Nxa8 b6 11. d3 Bb7 12. Nxb6 axb6 13. Qf3 Nd4 14.
Qg3 f4 15. Qg4 Qf6 16. Ba4 N6f5 17. c3 h5 18. Qh3 g5 19. cxd4 g4 20. Bxf4
exf4 21. Bc6 Bxc6 22. d5 Bxd5 23. Qxh5 Rxh5 24. Ne2 Bxg2 25. Rg1 f3 26. Nc3
Nd4 27. Ne4 Qc6 28. Kd2 Qc2+ 29. Ke3 Nf5+ 30. Kf4 Bh6+ 31. Kxg4 Qxd3 32.
Kxh5 Qxe4 33. Rge1 Qh4+ 34. Kg6 Qg5+ 35. Kf7 Qg7# {White checkmated} 0-1

[Event "GambitGuide"]
[Site "Internet Chess Club"]
[Date "2014.10.31"]
[Round "1"]
[White "JSBach"]
[Black "driver13"]
[Result "1-0"]
[ICCResult "Black resigns"]
[WhiteElo "1790"]
[BlackElo "1459"]
[Opening "Vienna: `Frankenstein-Dracula' variation"]
[ECO "C27"]
[NIC "VG.02"]
[Time "18:00:59"]
[TimeControl "120+12"]

1. e4 e5 2. Nc3 Nf6 3. Bc4 Nxe4 4. Qh5 Nd6 5. Bb3 Nc6 6. Nb5 g6 7. Qf3 f5 8.
Qd5 Qe7 9. Nxc7+ Kd8 10. Nxa8 b6 11. d3 Bb7 12. Nxb6 axb6 13. Qf3 Nd4 14.
Qh3 Bg7 15. Be3 e4 16. dxe4 Nxe4 17. Rd1 Ng5 18. Qg3 Ne4 19. Qb8+ Bc8 20.
Qxb6+ Ke8 21. Rxd4 {Black resigns} 1-0

[Event "GambitGuide"]
[Site "Internet Chess Club"]
[Date "2014.10.31"]
[Round "1"]
[White "JSBach"]
[Black "CairnTerrier"]
[Result "1-0"]
[ICCResult "Black resigns"]
[WhiteElo "1789"]
[BlackElo "1232"]
[Opening "Vienna: `Frankenstein-Dracula' variation"]
[ECO "C27"]
[NIC "VG.02"]
[Time "18:01:28"]
[TimeControl "120+12"]

1. e4 e5 2. Nc3 Nf6 3. Bc4 Nxe4 4. Qh5 Nd6 5. Bb3 Nc6 6. Nb5 g6 7. Qf3 f5 8.
Qd5 Qe7 9. Nxc7+ Kd8 10. Nxa8 b6 11. d3 Nd4 12. h4 Bg7 13. Bg5 Bf6 14. Bxf6
Qxf6 15. O-O-O Bb7 16. Nxb6 axb6 17. Re1 Bxd5 18. Bxd5 g5 19. c3 N4b5 20.
Nf3 g4 21. Nxe5 Re8 22. f4 Kc7 23. Re2 Kb8 24. Nxd7+ {Black resigns} 1-0

[Event "GambitGuide"]
[Site "Internet Chess Club"]
[Date "2014.10.31"]
[Round "1"]
[White "JSBach"]
[Black "dutchking"]
[Result "1-0"]
[ICCResult "Black resigns"]
[WhiteElo "1789"]
[BlackElo "1370"]
[Opening "Vienna: `Frankenstein-Dracula' variation"]
[ECO "C27"]
[NIC "VG.02"]
[Time "18:00:42"]
[TimeControl "120+12"]

1. e4 e5 2. Nc3 Nf6 3. Bc4 Nxe4 4. Qh5 Nd6 5. Bb3 Nc6 6. Nb5 g6 7. Qf3 f5 8.
Qd5 Qe7 9. Nxc7+ Kd8 10. Nxa8 b6 11. d3 Bb7 12. Nxb6 axb6 13. Qf3 Nd4 14.
Qh3 e4 15. Be3 exd3 16. O-O-O dxc2 17. Rxd4 Nb5 18. Rc4 Bd5 19. Bxb6+ Ke8
20. Rc8+ Kf7 21. Bxd5+ {Black resigns} 1-0

[Event "GambitGuide"]
[Site "Internet Chess Club"]
[Date "2014.10.31"]
[Round "1"]
[White "JSBach"]
[Black "Fifo25"]
[Result "1-0"]
[ICCResult "Black resigns"]
[WhiteElo "1789"]
[BlackElo "1509"]
[Opening "Vienna: `Frankenstein-Dracula' variation"]
[ECO "C27"]
[NIC "VG.02"]
[Time "18:00:13"]
[TimeControl "120+12"]

1. e4 e5 2. Nc3 Nf6 3. Bc4 Nxe4 4. Qh5 Nd6 5. Bb3 Nc6 6. Nb5 g6 7. Qf3 f5 8.
Qd5 Qe7 9. Nxc7+ Kd8 10. Nxa8 b6 11. d3 Bb7 12. Nxb6 axb6 13. Qf3 e4 14. Qe3
exd3 15. cxd3 Kc7 16. Ne2 Bg7 17. Bd5 Re8 18. O-O Qxe3 19. fxe3 Nb4 20. Bxb7
Nxb7 21. Nf4 Nc5 22. Rd1 Nc2 23. Rb1 Nxe3 24. Bxe3 Rxe3 25. Nd5+ {Black
resigns} 1-0

[Event "GambitGuide"]
[Site "Internet Chess Club"]
[Date "2014.10.31"]
[Round "1"]
[White "JSBach"]
[Black "CairnTerrier"]
[Result "1-0"]
[ICCResult "Black resigns"]
[WhiteElo "1789"]
[BlackElo "1232"]
[Opening "Vienna: `Frankenstein-Dracula' variation"]
[ECO "C27"]
[NIC "VG.02"]
[Time "18:02:29"]
[TimeControl "120+12"]

1. e4 e5 2. Nc3 Nf6 3. Bc4 Nxe4 4. Qh5 Nd6 5. Bb3 Nc6 6. Nb5 g6 7. Qf3 f5 8.
Qd5 Qe7 9. Nxc7+ Kd8 10. Nxa8 b6 11. d3 Nd4 12. h4 Bg7 13. Bg5 Bf6 14. Bxf6
Qxf6 15. O-O-O Bb7 16. Nxb6 Bxd5 17. Nxd5 Qg7 18. Re1 Nf7 19. Bc4 Re8 20. c3
e4 21. cxd4 exd3 22. Rxe8+ Kxe8 23. Nf3 g5 24. Bxd3 g4 25. Re1+ Kd8 26. Ne5
Nxe5 27. Rxe5 f4 28. Nxf4 g3 29. Rd5 gxf2 30. Ne6+ {Black resigns} 1-0

[Event "GambitGuide"]
[Site "Internet Chess Club"]
[Date "2014.10.31"]
[Round "1"]
[White "JSBach"]
[Black "catman"]
[Result "0-1"]
[ICCResult "White checkmated"]
[WhiteElo "1789"]
[BlackElo "1488"]
[Opening "Vienna: `Frankenstein-Dracula' variation"]
[ECO "C27"]
[NIC "VG.02"]
[Time "18:02:08"]
[TimeControl "120+12"]

1. e4 e5 2. Nc3 Nf6 3. Bc4 Nxe4 4. Qh5 Nd6 5. Bb3 Nc6 6. Nb5 g6 7. Qf3 f5 8.
Qd5 Qe7 9. Nxc7+ Kd8 10. Nxa8 b6 11. d3 Bb7 12. Nxb6 axb6 13. Qf3 Nd4 14.
Qg3 f4 15. Qg4 Qf6 16. Ba4 N6f5 17. c3 h5 18. Qh3 g5 19. cxd4 g4 20. Bxf4
exf4 21. Bc6 Bxc6 22. d5 Bxd5 23. Qxh5 Rxh5 24. Ne2 f3 25. gxf3 gxf3 26. Nc3
Nd4 27. Nxd5 Rxd5 28. Kd1 Qg6 29. Kc1 Qxd3 30. h4 Ne2# {White checkmated}
0-1

[Event "GambitGuide"]
[Site "Internet Chess Club"]
[Date "2014.10.31"]
[Round "1"]
[White "JSBach"]
[Black "CairnTerrier"]
[Result "1-0"]
[ICCResult "Black resigns"]
[WhiteElo "1789"]
[BlackElo "1232"]
[Opening "Vienna: `Frankenstein-Dracula' variation"]
[ECO "C27"]
[NIC "VG.02"]
[Time "18:03:16"]
[TimeControl "120+12"]

1. e4 e5 2. Nc3 Nf6 3. Bc4 Nxe4 4. Qh5 Nd6 5. Bb3 Nc6 6. Nb5 g6 7. Qf3 f5 8.
Qd5 Qe7 9. Nxc7+ Kd8 10. Nxa8 b6 11. d3 Nd4 12. Nh3 Bb7 13. Bg5 Bxd5 14.
Bxe7+ Kxe7 15. Bxd5 Bh6 16. Kd1 N6b5 17. a4 Nc7 18. Nxc7 {Black resigns} 1-0

[Event "GambitGuide"]
[Site "Internet Chess Club"]
[Date "2014.10.31"]
[Round "1"]
[White "JSBach"]
[Black "nsideurheadbro"]
[Result "1-0"]
[ICCResult "Black checkmated"]
[WhiteElo "1789"]
[BlackElo "1184"]
[Opening "Vienna: `Frankenstein-Dracula' variation"]
[ECO "C27"]
[NIC "VG.02"]
[Time "18:02:02"]
[TimeControl "120+12"]

1. e4 e5 2. Nc3 Nf6 3. Bc4 Nxe4 4. Qh5 Nd6 5. Bb3 Nc6 6. Nb5 g6 7. Qf3 f5 8.
Qd5 Qe7 9. Nxc7+ Kd8 10. Nxa8 b6 11. d3 Bb7 12. Nxb6 axb6 13. Qf3 Nd4 14.
Qg3 f4 15. Qg4 g5 16. Bd2 h5 17. Qd1 Bxg2 18. c3 Nc6 19. Bd5 Bxd5 20. f3 Bg7
21. Qa4 g4 22. Qa6 Kc7 23. Ke2 Bh6 24. a4 e4 25. Kf1 exf3 26. c4 Be6 27. a5
bxa5 28. Bxa5+ Nxa5 29. Qxa5+ Kc8 30. Qa8+ Kc7 31. Qxh8 Bg7 32. Qxh5 Bxb2
33. Qc5+ Kd8 34. Ra8+ Nc8 35. Qxc8# {Black checkmated} 1-0

[Event "GambitGuide"]
[Site "Internet Chess Club"]
[Date "2014.10.31"]
[Round "1"]
[White "JSBach"]
[Black "CairnTerrier"]
[Result "1-0"]
[ICCResult "Black resigns"]
[WhiteElo "1789"]
[BlackElo "1232"]
[Opening "Vienna: `Frankenstein-Dracula' variation"]
[ECO "C27"]
[NIC "VG.02"]
[Time "18:03:47"]
[TimeControl "120+12"]

1. e4 e5 2. Nc3 Nf6 3. Bc4 Nxe4 4. Qh5 Nd6 5. Bb3 Nc6 6. Nb5 g6 7. Qf3 f5 8.
Qd5 Qe7 9. Nxc7+ Kd8 10. Nxa8 b6 11. d3 Nd4 12. f4 exf4+ 13. Kd1 Bg7 14.
Bxf4 Bb7 15. Bxd6 Bxd5 16. Bxe7+ Kxe7 17. Bxd5 d6 18. c3 Kf6 19. cxd4
{Black resigns}
1-0

[Event "GambitGuide"]
[Site "Internet Chess Club"]
[Date "2014.10.31"]
[Round "1"]
[White "JSBach"]
[Black "fearlessone"]
[Result "0-1"]
[ICCResult "White checkmated"]
[WhiteElo "1789"]
[BlackElo "1812"]
[Opening "Vienna: `Frankenstein-Dracula' variation"]
[ECO "C27"]
[NIC "VG.02"]
[Time "17:58:18"]
[TimeControl "120+12"]

1. e4 e5 2. Nc3 Nf6 3. Bc4 Nxe4 4. Qh5 Nd6 5. Bb3 Nc6 6. Nb5 g6 7. Qf3 f5 8.
Qd5 Qe7 9. Nxc7+ Kd8 10. Nxa8 b6 11. d3 Bb7 12. Nxb6 axb6 13. Qf3 Bg7 14.
Be3 e4 15. dxe4 Nxe4 16. Bxb6+ Kc8 17. Qe3 Bxb2 18. Rb1 Bc3+ 19. Kd1 Qd6+
20. Qd3 Nd4 21. Qc4+ Kb8 22. Bxd4 Bxd4 23. Ke1 Bxf2+ 24. Ke2 Ba6 25. Ba4+
Ka7 26. Bb5 Re8 27. Bxa6 Nd2+ 28. Kxf2 Nxc4 29. Bb7 Qc5+ 30. Kg3 Re3+ 31.
Bf3 g5 32. Rb7+ Ka6 33. Rb3 Nd2 34. Rxe3 Qxe3 35. Kh3 g4+ 36. Kh4 gxf3 37.
gxf3 Nxf3+ 38. Nxf3 Qxf3 39. Rg1 Qf2+ 40. Rg3 Qxh2+ 41. Kg5 Qxg3+ 42. Kxf5
Qf2+ 43. Kg5 Qxc2 44. a3 Qc1+ 45. Kg4 Qxa3 46. Kh4 Qe7+ 47. Kg3 d5 48. Kf4
d4 49. Kg4 d3 50. Kh5 d2 51. Kg4 d1=Q+ 52. Kf4 Qd4+ 53. Kf3 Qee3+ 54. Kg2
Qb2+ 55. Kh1 Qec1# {White checkmated} 0-1

[Event "GambitGuide"]
[Site "Internet Chess Club"]
[Date "2014.10.31"]
[Round "1"]
[White "JSBach"]
[Black "CairnTerrier"]
[Result "1-0"]
[ICCResult "Black resigns"]
[WhiteElo "1789"]
[BlackElo "1232"]
[Opening "Vienna: `Frankenstein-Dracula' variation"]
[ECO "C27"]
[NIC "VG.02"]
[Time "18:04:17"]
[TimeControl "120+12"]

1. e4 e5 2. Nc3 Nf6 3. Bc4 Nxe4 4. Qh5 Nd6 5. Bb3 Nc6 6. Nb5 g6 7. Qf3 f5 8.
Qd5 Qe7 9. Nxc7+ Kd8 10. Nxa8 b6 11. d3 Nd4 12. f4 exf4+ 13. Kd1 Bg7 14.
Bxf4 Qf6 15. Qxd6 Qxd6 16. Bxd6 Bh6 17. Bd5 Ba6 18. Be5 Nc6 19. Bxh8
{Black resigns}
1-0

[Event "GambitGuide"]
[Site "Internet Chess Club"]
[Date "2014.10.31"]
[Round "1"]
[White "JSBach"]
[Black "Logic"]
[Result "1/2-1/2"]
[ICCResult "White stalemated"]
[WhiteElo "1789"]
[BlackElo "1400"]
[Opening "Vienna: `Frankenstein-Dracula' variation"]
[ECO "C27"]
[NIC "VG.02"]
[Time "18:01:47"]
[TimeControl "120+12"]

1. e4 e5 2. Nc3 Nf6 3. Bc4 Nxe4 4. Qh5 Nd6 5. Bb3 Nc6 6. Nb5 g6 7. Qf3 f5 8.
Qd5 Qe7 9. Nxc7+ Kd8 10. Nxa8 b6 11. d3 Bb7 12. Nxb6 axb6 13. Qf3 e4 14.
dxe4 Nd4 15. Qd3 Bg7 16. Bf4 Bxe4 17. Qe3 Nc4 18. Bg5 Nxe3 19. Bxe7+ Kxe7
20. fxe3 Nxb3 21. axb3 Bxg2 22. Ra6 Bxh1 23. Rxb6 Bxb2 24. Kd1 Rc8 25. h4
Be5 26. Rb5 Bh2 27. Ne2 Bf3 28. Ra5 Bxe2+ 29. Kxe2 Rxc2+ 30. Kd3 Bc7 31.
Rxf5 gxf5 32. Kxc2 f4 33. exf4 Bxf4 34. b4 Bg3 35. h5 Bf4 36. b5 Bc7 37. Kc3
Bb6 38. Kc4 Ke6 39. Kc3 d5 40. Kd3 Ke5 41. Kc3 Ke4 42. Kb4 d4 43. Kb3 d3 44.
Kc3 Ke3 45. h6 d2 46. Kb3 d1=Q+ 47. Kb4 Qd6+ 48. Kb3 Qc5 49. Ka4 Qg5 50. Kb4
Qxh6 51. Kc3 Qd6 52. Kb3 h5 53. Ka4 h4 54. Kb3 h3 55. Ka2 h2 56. Kb2 h1=N
57. Kb3 Qc5 58. Kb2 Qxb5+ 59. Kc2 Qb2+ 60. Kxb2 Kd3 61. Ka3 Ng3 62. Ka4 Nf5
63. Kb5 Bd4 64. Ka6 Kc4 65. Kb7 Kc5 66. Kc7 Ng7 67. Kc8 Kc6 68. Kb8 Ne6 69.
Ka8 Bb6 70. Kb8 Nc5 71. Ka8 Ne6 72. Kb8 Nc7 73. Kc8 Ba7 74. Kd8 Nd5 75. Kc8
Nb6+ 76. Kd8 Kd6 77. Ke8 Nd7 78. Kd8 Bd4 79. Kc8 Kc6 80. Kd8 Bf6+ 81. Kc8
Be5 82. Kd8 Bd6 83. Kc8 Ne5 84. Kd8 Bc5 85. Kc8 Ba7 86. Kd8 Kd6 87. Kc8 Kc6
88. Kd8 Bb6+ 89. Kc8 Nd7 {White stalemated} 1/2-1/2